 Dungeon Crawl Stone Soup version 0.31.0-11-ge490571c62 (webtiles) character file.

Game seed: 4022421141214991029

15501 Gadfly the Fighter (level 12, -10/94 HPs)
             Began as a Demonspawn Monk on Feb 3, 2024.
             Was an Initiate of Ru.
             Mangled by a death yak (21 damage)
             ... led by a torpor snail
             ... on level 1 of the Lair of Beasts.
             The game lasted 00:19:59 (12537 turns).

Gadfly the Fighter (Demonspawn Monk)               Turns: 12537, Time: 00:20:00

Health: -10/94     AC: 17    Str: 17    XL:     12   Next: 1%
Magic:  12/12      EV: 18    Int: 11    God:    Ru [......]
Gold:   862        SH:  0    Dex: 21    Spells: 6/11 levels left

rFire   . .          .
                       - Unarmed
rCold   . . .        (no shield)
rNeg    . . .        z - +2 steam dragon scales
rPois   .            h - +0 helmet
rElec   .            m - +2 cloak {Stlth+}
rCorr   .            (no gloves)
SInv    .            (no boots)
Will    .....        w - amulet of faith
Stlth   +++          E - +6 ring of dexterity
HPRegen 0.35/turn    f - +4 ring of protection
MPRegen 0.13/turn

%: faith
@: mighty
A: molten scales 1, ignite blood 1, spiny 1, weakness stinger 2
a: Renounce Religion


You were on level 1 of the Lair of Beasts.
You worshipped Ru.
Ru was noncommittal.
You visited 3 branches of the dungeon, and saw 13 of its levels.

You collected 862 gold pieces.

Inventory:

Hand Weapons
 b - a +1 whip of electrocution
 A - a +5 scimitar
Armour
 c - an orb of light
 h - a +0 helmet (worn)
 m - a +2 cloak of stealth (worn)
 z - +2 steam dragon scales (worn)
Jewellery
 d - a ring of poison resistance
 f - a +4 ring of protection (right hand)
 n - a ring of resist corrosion
 w - an amulet of faith (around neck)
 x - an amulet of reflection
 E - a +6 ring of dexterity (left hand)
 F - a ring of fire
 I - a ring of fire
Talismans
 G - the granite talisman "Fainink" {rF+ rN+ Will- SInv}
   (You found it on level 4 of the Dungeon)

   [granite talisman]

   rF+:       It protects you from fire.
   rN+:       It protects you from negative energy.
   Will-:     It decreases your willpower.
   SInv:      It lets you see invisible.
Wands
 o - a wand of acid (24)
 q - a wand of roots (17)
 C - a wand of flame (13) (quivered)
Scrolls
 g - a scroll of fear
 j - 3 scrolls of teleportation
 p - 2 scrolls of poison
 r - a scroll of silence
 u - 2 scrolls of enchant armour
 y - a scroll of revelation
 B - a scroll of torment
 D - a scroll of fog
Potions
 e - a potion of attraction
 i - a potion of curing
 k - 2 potions of might
 l - a potion of mutation
 s - 2 potions of cancellation
 t - a potion of resistance
 v - 2 potions of haste


   Skills:
 - Level 8.6 Fighting
 + Level 8.3 Dodging
 * Level 8.6 Unarmed Combat
 + Level 8.4 Evocations
 + Level 8.6 Shapeshifting


You had 6 spell levels left.
You knew the following spells:

 Your Spells              Type           Power      Damage    Failure   Level
a - Ozocubu's Armour      Ice            0%         N/A       71%         3
b - Blink                 Tloc           0%         N/A       47%         2

Your spell library contained the following spells:

 Spells                   Type           Power      Damage    Failure   Level
 Sting                    Conj/Alch      0%         1d3       34%         1
 Lesser Beckoning         Tloc           0%         N/A       47%         2
 Mercury Vapours          Alch/Air       0%         N/A       47%         2
 Momentum Strike          Conj/Tloc      0%         3d8       47%         2
 Call Canine Familiar     Summ           0%         N/A       71%         3
 Fugue of the Fallen      Necr           0%         N/A       71%         3
 Hailstorm                Conj/Ice       0%         3d5       71%         3
 Inner Flame              Hex/Fire       0%         N/A       71%         3
 Sigil of Binding         Hex            0%         N/A       71%         3
 Summon Ice Beast         Ice/Summ       0%         N/A       71%         3
 Tukima's Dance           Hex            0%         N/A       71%         3
 Dimensional Bullseye     Hex/Tloc       0%         N/A       98%         4
 Manifold Assault         Tloc           0%         N/A       98%         4
 Olgreb's Toxic Radiance  Alch           0%         N/A       98%         4
 Passage of Golubria      Tloc           0%         N/A       98%         4
 Vhi's Electric Charge    Tloc/Air       0%         N/A       98%         4
 Arcjolt                  Conj/Air       0%         1d10      100%        5
 Irradiate                Conj/Alch      0%         3d11      100%        5
 Yara's Violent Unravell  Hex/Alch       0%         3d3       100%        5
 Plasma Beam              Fire/Air       0%         2x1d10    100%        6
 Sculpt Simulacrum        Ice/Alch       0%         N/A       100%        6
 Ignition                 Fire           0%         3d3       100%        8


Dungeon Overview and Level Annotations

Branches:
Dungeon (11/15)            Temple (1/1) D:4            Lair (1/5) D:8
    Orc (0/2) D:11

Altars:
Ashenzari
Cheibriados
Dithmenos
Fedhas
Gozag
Hepliaklqana
Kikubaaqudgha
Makhleb
Nemelex Xobeh
Okawaru
Qazlal
Ru
Sif Muna
Trog
Uskayaw
Vehumet
Wu Jian
Xom
Yredelemnul

Shops:
D:3 (


Innate Abilities, Weirdness & Mutations

You are partially covered in molten scales. (AC +2)
Your demonic aura sometimes causes spilled blood to erupt in flames.
You are partially covered in sharp spines.
You have a tail ending in a sharp stinger.


Message History

Aim: a death yak (lightly wounded)
The roots erupt in riotous growth!
Roots grab the death yak. x2
The grasping roots constrict the death yak. x2
The death yak struggles to escape constriction.
The death yak completely misses you.
The grasping roots constrict the death yak. x2
The death yak escapes! x2
You see here a blink frog skeleton.
Aiming: Fastroot
Press: ? - help, Shift-Dir - straight line, p - death yak The roots erupt in riotous growth!
Roots grab the death yak. x2
The grasping roots constrict the death yak. x2
The death yak struggles to escape constriction.
The death yak gores you!!
* * * LOW HITPOINT WARNING * * *
The grasping roots constrict the death yak!
The grasping roots constrict the death yak.
The roots release their grip on the death yak.
The death yak escapes!
The death yak attacks as it pursues you!
The death yak is struck by your spines. The death yak closely misses you.
The death yak attacks as it pursues you!
The death yak is struck by your spines. The death yak gores you.
* * * LOW HITPOINT WARNING * * *
The death yak snorts and paws the ground.
Okay, then.
Okay, then.
The death yak attacks as it pursues you!
The death yak gores you.
* * * LOW HITPOINT WARNING * * *
Okay, then.
The death yak attacks as it pursues you!
The death yak misses you.
You feel better. The death yak gores you!
* * * LOW HITPOINT WARNING * * *
You feel very mighty all of a sudden. The death yak gores you!!
You die...

#......# #......#
##....## ##.
##....### .#.
###...##..# ###...
#...#####.####
##..... ###..##
##.#.## #......
#...## #.#.#.#
###...... ###..##
####@########........
##..##
##YY.#....###.....
#...# ##....÷.##
#..... ..###
##.##..#####.... ..#
#..#....P##..... .##
#.##.....#.#.... .#
#.#.......##.... ##
##÷#÷.....P#..... #
#.#.......###....


You could see 2 death yaks.

Vanquished Creatures
  A two-headed ogre (D:11)
  A boulder beetle (D:11)
  Pikel (D:9)
  An ugly thing (D:11)
  Joseph (D:7)
  Maurice (D:9)
  A rust devil (D:10)
  A torpor snail (Lair:1)
  A cane toad (Lair:1)
  2 gargoyles
  Jeremiah (D:8)
  Maggie (D:8)
  Psyche (D:8)
  A yaktaur (D:11)
  4 trolls
  2 hornets
  A polar bear (Lair:1)
  4 blink frogs (Lair:1)
  2 shadows (D:10)
  Sigmund (D:2)
  2 wraiths
  8 yaks
  3 wyverns
  A basilisk (Lair:1)
  2 steam dragons
  8 water moccasins
  Duvessa (D:4)
  2 ice beasts
  6 orc warriors
  3 black bears
  An ogre (D:7)
  A lemure (D:9)
  3 phantoms
  3 kobold brigands
  8 bullfrogs
  3 scorpions
  10 wights
  Dowan (D:4)
  10 killer bees
  A howler monkey (D:11)
  2 bombardier beetles (D:5)
  5 jellies
  6 orc priests
  7 hounds
  3 iguanas
  14 orc wizards
  5 adders
  A shadow imp (D:7)
  2 white imps
  4 ufetubi
  2 dart slugs
  A ribbon worm (D:5)
  46 orcs
  4 ball pythons
  6 bats
  4 endoplasms
  5 giant cockroaches
  9 goblins
  5 hobgoblins
  2 jackals (D:4)
  23 kobolds
  3 quokkas (D:3)
  3 frilled lizards
  6 rats
274 creatures vanquished.

Vanquished Creatures (others)
  A black bear (D:6)
  2 orcs (D:6)
3 creatures vanquished.

Grand Total: 277 creatures vanquished

Notes
Turn   | Place    | Note
-------+----------+-------------------------------------------
     0 | D:1      | Gadfly the Demonspawn Monk began the quest for the Orb.
     0 | D:1      | Reached XP level 1. HP: 18/18 MP: 1/1
    26 | D:1      | Found a faded altar of an unknown god.
   124 | D:1      | Gained mutation: Your demonic aura sometimes causes spilled
                  | blood to erupt in flames. [demonic ancestry]
   124 | D:1      | Reached XP level 2. HP: 24/24 MP: 2/2
   841 | D:2      | Reached skill level 1 in Evocations
   960 | D:2      | Reached skill level 1 in Shapeshifting
   999 | D:2      | Reached XP level 3. HP: 29/29 MP: 3/3
  1043 | D:2      | Found an ornate altar of the Wu Jian Council.
  1121 | D:2      | Noticed Sigmund
  1134 | D:2      | Killed Sigmund
  1135 | D:2      | Reached XP level 4. HP: 18/35 MP: 4/4
  1135 | D:2      | Gained mutation: You are partially covered in sharp spines.
                  | [demonic ancestry]
  1135 | D:2      | Reached XP level 5. HP: 21/41 MP: 5/5
  1714 | D:3      | Found Axzots's Weapon Boutique.
  1771 | D:3      | Found a blossoming altar of Fedhas.
  1932 | D:3      | Learned a level 3 spell: Ozocubu's Armour
  2111 | D:4      | Gained mutation: You are partially covered in molten
                  | scales. (AC +2) [demonic ancestry]
  2111 | D:4      | Reached XP level 6. HP: 47/47 MP: 6/6
  2177 | D:4      | Identified the granite talisman "Fainink" {rF+ rN+ Will-
                  | SInv}
  2508 | D:4      | Found a staircase to the Ecumenical Temple.
  2521 | Temple   | Entered the Ecumenical Temple
  2540 | D:4      | Noticed Duvessa
  2558 | D:4      | Noticed Dowan
  2562 | D:4      | Killed Duvessa
  2571 | D:4      | Killed Dowan
  2908 | D:4      | Gained mutation: You have a small tail. [demonic ancestry]
  2908 | D:4      | Reached XP level 7. HP: 36/52 MP: 7/7
  2911 | D:4      | Learned a level 2 spell: Blink
  2996 | D:5      | Entered Level 5 of the Dungeon
  3339 | D:5      | Reached skill level 5 in Unarmed Combat
  3735 | D:5      | Reached XP level 8. HP: 58/58 MP: 8/8
  4322 | D:6      | Reached skill level 5 in Evocations
  4884 | D:7      | Noticed Joseph
  4894 | D:7      | Killed Joseph
  4895 | D:7      | Reached skill level 5 in Dodging
  4895 | D:7      | Reached skill level 5 in Shapeshifting
  4895 | D:7      | Reached XP level 9. HP: 55/63 MP: 9/9
  5031 | D:7      | Found a bloodstained altar of Trog.
  5035 | D:7      | Found a shimmering blue altar of Sif Muna.
  5277 | D:7      | Noticed a troll
  5297 | D:7      | HP: 3/63 [troll (11)]
  5297 | D:7      | HP: 1/63 [troll (2)]
  5298 | D:7      | Killed a troll
  6006 | D:8      | Noticed Psyche
  6009 | D:8      | Killed Psyche
  6146 | D:8      | Noticed a gargoyle
  6153 | D:8      | Reached XP level 10. HP: 60/70 MP: 10/10
  6349 | D:8      | Found a staircase to the Lair.
  6365 | D:8      | Killed a gargoyle
  6788 | D:8      | Noticed Jeremiah
  6831 | D:8      | Killed Jeremiah
  7049 | D:8      | Noticed Maggie
  7058 | D:8      | Killed Maggie
  7838 | D:9      | Noticed Pikel
  7863 | D:9      | Killed Pikel
  8050 | D:9      | Reached skill level 5 in Fighting
  8434 | D:9      | Gained mutation: You have a tail ending in a sharp stinger.
                  | [demonic ancestry]
  8434 | D:9      | Reached XP level 11. HP: 62/80 MP: 11/11
  8584 | D:9      | Noticed Maurice
  8588 | D:9      | Something stole the granite talisman "Fainink" {rF+ rN+
                  | Will- SInv}
  8591 | D:9      | Something stole a +5 scimitar
  8594 | D:9      | Something stole an amulet of faith
  8598 | D:9      | Something stole an orb of light
  8601 | D:9      | Killed Maurice
  9069 | D:9      | Found an ornate altar of the Wu Jian Council.
  9076 | D:9      | Found an iron altar of Okawaru.
  9087 | D:9      | Found a stormy altar of Qazlal.
  9092 | D:9      | Found a broken altar of Ashenzari.
  9100 | D:9      | Found a sacrificial altar of Ru.
  9104 | D:9      | Became a worshipper of Ru the Awakened
  9110 | D:9      | Found an ancient bone altar of Kikubaaqudgha.
  9313 | D:10     | Entered Level 10 of the Dungeon
 10027 | D:10     | Found a burning altar of Makhleb.
 10257 | D:10     | Found a shimmering altar of Xom.
 10756 | D:11     | Noticed a cyan ugly thing
 10763 | D:11     | Killed a cyan ugly thing
 11143 | D:11     | Noticed a two-headed ogre
 11149 | D:11     | Killed a two-headed ogre
 11281 | D:11     | Found a staircase to the Orcish Mines.
 11507 | D:11     | Noticed a boulder beetle
 11577 | D:11     | Killed a boulder beetle
 11956 | Lair:1   | Entered Level 1 of the Lair of Beasts
 12375 | Lair:1   | Noticed a death yak
 12496 | Lair:1   | Noticed a death yak
 12517 | Lair:1   | Reached XP level 12. HP: 40/94 MP: 12/12
 12537 | Lair:1   | Mangled by a death yak

Illustrated notes

Levels and vault maps discovered:
D:1:      roderic_octagonal_star, layout_loops_ring,
          dreamdust_ecumenical_altar_grove, minmay_pentomino_w2
D:2:      layout_rooms, basic_altar, uniq_sigmund
D:3:      layout_rooms, fedhas_altar_fruit_tree, serial_shops,
          nicolae_shop_window_shopping
D:4:      layout_basic, minmay_temple_entry_slanted, uniq_duvessa
D:5:      layout_layer_cave, serial_bayou_pond_a
D:6:      layout_basic
D:7:      layout_loops_ring, hellmonk_overflow_destroyed_library,
          grunt_potential, uniq_joseph
D:8:      layout_basic, due_lair_maze_entry_diamond, uniq_jeremiah, uniq_maggie,
          uniq_psyche
D:9:      layout_basic, grunt_temple_overflow_octagram,
          kennysheep_generic_room_5, uniq_maurice, uniq_pikel
D:10:     layout_basic, demons_altar, mainiacjoe_overflow_cross_hatched
D:11:     kennysheep_big_flooded_room, layout_loops_ring,
          minmay_orc_entry_temple_small, chequers_arboretum
Temple:   hellmonk_temple_flake
Lair:1:   layout_cave_pods, special_room [special_room_bee]

Skill      XL: |  1  2  3  4  5  6  7  8  9 10 11 |
---------------+----------------------------------+-----
Unarmed Combat | 3 4 5 6 7 8 |  8.6
Evocations     | 1 2 3 4 6 7 8 |  8.4
Shapeshifting  | 1 2 3 5 6 7 8 |  8.6
Dodging        | 3 4 5 6 8 |  8.3
Fighting       | 5 8 |  8.6

Action                     |  1- 3 |  4- 6 |  7- 9 | 10-12 || total
---------------------------+-------+-------+-------+-------++-------
  Melee: Unarmed           |    85 |   101 |   244 |   563 ||   993
         Tailslap          |       |       |    46 |   116 ||   162
         Punch             |       |       |       |    39 ||    39
 Invoke: Reject Sacrifices |       |       |       |     2 ||     2
  Evoke: Wand              |       |       |       |    13 ||    13
    Use: Scroll            |     1 |     6 |     7 |     7 ||    21
         Potion            |     1 |     1 |     4 |     4 ||    10
   Stab: Sleeping          |       |       |       |     9 ||     9
 Armour: Robe              |    48 |    49 |   129 |    68 ||   294
         Skin              |       |       |    10 |       ||    10
         Steam dragon scal |       |       |       |   242 ||   242
  Dodge: Dodged            |    56 |    47 |   192 |   322 ||   617
  Block: Other             |       |       |       |    49 ||    49
